 Dungeon Crawl Stone Soup version 0.28.0-53-g5a82cb258f (webtiles) character file.

Game seed: 12509576679790008193

2239 issech the Cleaver (level 9, -3/70 HPs)
             Began as a Minotaur Monk on June 22, 2022.
             Was a Believer of Hepliaklqana.
             Slain by a gargoyle
             ... wielding a +0 mace
              (6 damage)
             ... on level 6 of the Dungeon.
             The game lasted 00:18:31 (6525 turns).

issech the Cleaver (Minotaur Monk)                  Turns: 6525, Time: 00:18:32

Health: -3/70      AC: 15    Str: 16    XL:     9   Next: 14%
Magic:  8/8        EV:  7    Int:  7    God:    Hepliaklqana [**....]
Gold:   197        SH:  5    Dex: 17    Spells: 8/8 levels left

rFire   . . .      SeeInvis .   K - +2 war axe
rCold   . . .      Faith    .   (no shield)
rNeg    . . .      Spirit   .   D - +0 plate armour
rPois   .          Reflect  +   (helmet restricted)
rElec   .          Harm     .   (no cloak)
rCorr   .          Rampage  .   (no gloves)
Will    .....                   v - +1 pair of boots
Stlth   ..........              j - amulet of reflection
HPRegen 0.21/turn               (no ring)
MPRegen 0.11/turn               (no ring)

@: no status effects
A: reduced essence, horns 2, retaliatory headbutt
a: Renounce Religion, Recall Ancestor, Ancestor Identity


You were on level 6 of the Dungeon.
You worshipped Hepliaklqana.
Hepliaklqana was pleased with you.
You visited 2 branches of the dungeon, and saw 7 of its levels.

You collected 197 gold pieces.

Inventory:

Hand Weapons
 o - a +0 hunting sling
 q - a +0 rapier
 w - a +0 rapier
 I - a +0 shortbow
 K - a +2 war axe (weapon)
 L - a +0 flail of distortion
 M - a +3 short sword
 N - a +2 vorpal halberd
 P - a +5 trident
 Q - a +0 morningstar
Missiles
 i - 87 arrows
 k - 156 stones
 l - 32 bolts
 u - a throwing net
 C - 9 javelins (quivered)
 E - 6 poisoned darts
 O - a boomerang
Armour
 a - a +1 robe of willpower
 b - a +0 robe
 c - a +0 leather armour
 g - a +0 pair of boots
 v - a +1 pair of boots (worn)
 D - a +0 plate armour (worn)
Jewellery
 j - an amulet of reflection (around neck)
 G - an amulet of faith
Wands
 s - a wand of polymorph (3)
 x - a wand of flame (16)
 B - a wand of acid (9)
Scrolls
 e - a scroll of vulnerability {unknown}
 m - 3 scrolls of blinking {unknown}
 n - 2 scrolls of teleportation {unknown}
 p - 5 scrolls of identify {unknown}
 r - 2 scrolls of magic mapping {unknown}
 t - a scroll of brand weapon {unknown}
 y - 2 scrolls of immolation {unknown}
 A - a scroll of amnesia {unknown}
 H - a scroll of enchant armour {unknown}
 J - a scroll of acquirement {unknown}
Potions
 d - 2 potions of heal wounds {unknown}
 f - 2 potions of flight {unknown}
 h - 2 potions of brilliance {unknown}
 z - a potion of curing {unknown}
 F - 3 potions of degeneration {unknown}


   Skills:
 + Level 6.4 Fighting
 + Level 9.9 Axes
 + Level 6.7 Armour
 + Level 5.5 Dodging
 + Level 2.6 Stealth
 + Level 4.1 Shields


You had 8 spell levels left.
You didn't know any spells.
Your spell library contained the following spells:

 Spells                   Type           Power      Damage    Failure   Level
 Magic Dart               Conj           0%         1d3       100%        1
 Pain                     Necr           0%         1d4       100%        1
 Searing Ray              Conj           0%         2d4       100%        2
 Dazzling Flash           Conj/Hex       0%         N/A       100%        3
 Fulminant Prism          Conj/Hex       0%         3d6       100%        4
 Iskenderun's Mystic Bla  Conj/Tloc      0%         2d3       100%        4
 Summon Ice Beast         Ice/Summ       0%         N/A       100%        4
 Agony                    Necr           0%         N/A       100%        5
 Excruciating Wounds      Necr           0%         N/A       100%        5
 Summon Mana Viper        Hex/Summ       0%         N/A       100%        5
 Starburst                Conj/Fire      0%         6d3       100%        6
 Malign Gateway           Summ/Tloc      0%         N/A       100%        7
 Monstrous Menagerie      Summ           0%         N/A       100%        7
 Summon Horrible Things   Summ           0%         N/A       100%        8


Dungeon Overview and Level Annotations

Branches:
Dungeon (6/15)             Temple (1/1) D:5

Altars:
Ashenzari
Cheibriados
Dithmenos
Elyvilon
Fedhas
Gozag
Hepliaklqana
Kikubaaqudgha
Makhleb
Nemelex Xobeh
Okawaru
Sif Muna
Trog
Uskayaw
Vehumet
Wu Jian
Xom
Yredelemnul
Zin


Innate Abilities, Weirdness & Mutations

Your life essence is reduced to manifest your ancestor. (-10% HP)
You have a pair of horns on your head.
You reflexively headbutt those who attack you in melee.


Message History

The puff of frost hits the gargoyle but does no damage.
You barely miss the gargoyle.
You headbutt the gargoyle, but do no damage.
You block the gargoyle's attack.
Shunnar casts a spell at the gargoyle.
The stone arrow hits the gargoyle.
You slash the gargoyle!
You headbutt the gargoyle, but do no damage.
The gargoyle is heavily damaged.
The gargoyle closely misses you.
Shunnar points at the gargoyle and mumbles some strange words.
The stone arrow hits the gargoyle.
You hit the gargoyle.
You headbutt the gargoyle, but do no damage.
You punch the gargoyle, but do no damage.
The gargoyle is severely damaged.
The gargoyle hits you but does no damage.
Shunnar hits the gargoyle but does no damage.
You slash the gargoyle! Your headbutt misses the gargoyle.
The gargoyle is almost destroyed.
The gargoyle hurls a stone arrow at you.
The stone arrow hits you!
* * * LOW HITPOINT WARNING * * *
Shunnar barely misses the gargoyle.
You hit the gargoyle but do no damage.
The gargoyle is almost destroyed.
The gargoyle hits you with a +0 mace!
* * * LOW HITPOINT WARNING * * *
Shunnar gestures at the gargoyle while chanting.
The stone arrow hits the gargoyle.
You hit the gargoyle but do no damage.
You headbutt the gargoyle, but do no damage.
Your punch misses the gargoyle.
The gargoyle is almost destroyed.
The gargoyle hits you but does no damage.
Shunnar closely misses the gargoyle.
You barely miss the gargoyle. You headbutt the gargoyle.
The gargoyle is almost destroyed.
The gargoyle hits you with a +0 mace.
You die...

.###).h###...##
##.#..)).#.###.#
#...#...#...# .#
#...#####[..# #
#. #R9.#...#...#
#.###.#..)[รท#.##
##...###)))###..
#....R#.###.#
....
#...#...#9@.#
..#...#.. #..
#####...# ..#####
. # #...# ..#
.#.## .#. .###.
###. ## .. # ..
###


You could see the friendly Shunnar the battlemage and a gargoyle (ally target).

Vanquished Creatures
  Eustachio (D:4)
  An ice beast (D:6)
  An ogre (D:4)
  A hornet zombie (D:6)
  A centaur (D:5)
  A scorpion (D:4)
  2 wights (D:6)
  A hound (D:6)
  2 jellies
  A centaur zombie (D:5)
  Ijyb (D:3)
  An iguana (D:4)
  Robin (D:3)
  2 gnolls (D:6)
  5 adders
  A worm (D:2)
  2 adder skeletons (D:4)
  3 dart slugs
  5 orcs
  3 bats
  8 endoplasms
  3 giant cockroaches
  16 goblins
  5 hobgoblins
  5 kobolds
  A quokka (D:3)
  7 ball pythons
  6 frilled lizards
  3 rats
90 creatures vanquished.

Vanquished Creatures (collateral kills)
  3 yaks (D:5)
  A black bear (D:5)
  An orc warrior (D:4)
  An ogre (D:5)
  A wyvern zombie (D:6)
  A scorpion (D:5)
  2 wights (D:6)
  A howler monkey (D:6)
  A hound (D:4)
  A bullfrog skeleton (D:4)
  A gnoll shaman (D:6)
  An orc priest (D:6)
  A jelly (D:4)
  2 orc wizards
  A hound skeleton (D:4)
  An adder (D:5)
  3 gnolls (D:6)
  A shadow imp (D:6)
  A white imp (D:6)
  An orc (D:6)
  2 iguanas
28 creatures vanquished.

Vanquished Creatures (others)
  A steam dragon (D:6)
1 creature vanquished.

Grand Total: 119 creatures vanquished

Notes
Turn   | Place    | Note
-------+----------+-------------------------------------------
     0 | D:1      | issech the Minotaur Monk began the quest for the Orb.
     0 | D:1      | Reached XP level 1. HP: 19/19 MP: 0/0
   346 | D:1      | Reached XP level 2. HP: 27/27 MP: 1/1
   485 | D:1      | Found a faded altar of an unknown god.
   838 | D:1      | Reached skill level 4 in Axes
  1076 | D:2      | Found a sparkling altar of Nemelex Xobeh.
  1162 | D:2      | Reached XP level 3. HP: 20/33 MP: 2/2
  1445 | D:2      | Reached skill level 1 in Armour
  2113 | D:3      | Found a hide-covered altar of Uskayaw.
  2200 | D:3      | Noticed Robin
  2221 | D:3      | Reached XP level 4. HP: 36/40 MP: 3/3
  2229 | D:3      | Killed Robin
  2881 | D:3      | Noticed Ijyb
  2896 | D:3      | Killed Ijyb
  2897 | D:3      | Reached skill level 5 in Axes
  2897 | D:3      | Reached XP level 5. HP: 35/46 MP: 4/4
  3156 | D:4      | Noticed Eustachio
  3195 | D:4      | Killed Eustachio
  3196 | D:4      | Reached skill level 6 in Axes
  3196 | D:4      | Reached skill level 1 in Shields
  3196 | D:4      | Reached XP level 6. HP: 32/53 MP: 5/5
  3320 | D:4      | Found a shimmering altar of Xom.
  3424 | D:4      | Noticed an orc warrior
  3780 | D:5      | Entered Level 5 of the Dungeon
  3780 | D:5      | Found a staircase to the Ecumenical Temple.
  3908 | Temple   | Entered the Ecumenical Temple
  3915 | Temple   | Became a worshipper of Hepliaklqana the Forgotten
  3915 | Temple   | Reached * piety under Hepliaklqana
  3915 | Temple   | Reached ** piety under Hepliaklqana
  3916 | Temple   | Remembered your ancestor Shunnar as a battlemage
  4098 | D:4      | Killed an orc warrior
  4125 | D:4      | Reached skill level 7 in Axes
  4311 | D:4      | Reached XP level 7. HP: 54/54 MP: 6/6
  4638 | D:4      | Reached skill level 5 in Fighting
  4974 | D:5      | Reached skill level 8 in Axes
  4992 | D:5      | Reached skill level 5 in Dodging
  4992 | D:5      | Reached XP level 8. HP: 59/62 MP: 7/7
  5061 | D:5      | Reached skill level 9 in Axes
  5576 | D:5      | Reached skill level 5 in Armour
  6462 | D:6      | Reached XP level 9. HP: 47/67 MP: 8/8
  6502 | D:6      | Noticed a gargoyle
  6522 | D:6      | HP: 2/70 [gargoyle/+0 mace (9)]
  6525 | D:6      | Slain by a gargoyle

Illustrated notes

Levels and vault maps discovered:
D:1:      dpeg_arrival_rooms_c, layout_basic,
          hellmonk_ecumenical_altar_inner_sanctum, minmay_misc_feat_more_columns
D:2:      layout_basic, basic_altar
D:3:      layout_loops_ring, eat_drink_and_be_merry_uskayaw, uniq_robin,
          uniq_ijyb
D:4:      layout_loops_cross, dk_xom_monty_hall, uniq_eustachio
D:5:      layout_cave_pools, minmay_temple_entry_grid,
          corexii_item_surrounded_by_moat
D:6:      nicolae_cairo_tiling, layout_loops_corners,
          lemuel_coloured_pillars_altar, hangedman_ru_absence,
          minmay_hedge_maze, minmay_manual_moon
Temple:   nicolae_temple_x_marks_the_god

Skill      XL: |  1  2  3  4  5  6  7  8 |
---------------+-------------------------+-----
Axes           | 4 5 6 7 8 9 |  9.9
Armour         | 2 3 6 |  6.7
Fighting       | 4 5 6 |  6.4
Dodging        | 4 5 |  5.5
Stealth        | 2 |  2.6
Shields        | 1 2 4 |  4.1

Action                   |  1- 3 |  4- 6 |  7- 9 || total
-------------------------+-------+-------+-------++-------
Melee: Hand axe          |    95 |   145 |    45 ||   285
       Headbutt          |    17 |    24 |    28 ||    69
       Punch             |       |     1 |     2 ||     3
       War axe           |       |       |    59 ||    59
Throw: Stone             |       |     1 |       ||     1
Invok: Ancestor Life: Ba |       |     1 |       ||     1
 Stab: Sleeping          |     3 |     2 |       ||     5
Armor: Leather armour    |    19 |    27 |       ||    46
       Plate armour      |       |     9 |    50 ||    59
Dodge: Dodged            |    75 |    70 |    36 ||   181
Block: Other             |    13 |    36 |    23 ||    72
       Reflection        |       |       |     1 ||     1
